 Dungeon Crawl Stone Soup version 0.24-a0-217-g1152973 (webtiles) character file.

Game seed: 14725482044861772776

2 HDogLeCool the Cutter (level 1, -3/15 HPs)
             Began as a Human Wanderer on Mar 27, 2019.
             Slain by a hobgoblin
             ... wielding a +0 club
              (5 damage)
             ... on level 1 of the Dungeon on Mar 29, 2019.
             The game lasted 00:03:08 (466 turns).

HDogLeCool the Cutter (Human Wanderer)               Turns: 466, Time: 00:03:08

Health: -3/15      AC:  5    Str: 10    XL:     1   Next: 44%
Magic:  2/2        EV: 11    Int: 10    God:
Gold:   86         SH:  0    Dex: 16    Spells: 1/2 levels left

rFire    . . .     SeeInvis .   a - +0 dagger
rCold    . . .     Gourm    .   (no shield)
rNeg     . . .     Faith    .   o - +0 leather armour (curse)
rPois    .         Spirit   .   (no helmet)
rElec    .         Reflect  .   (no cloak)
rCorr    .         Harm     .   l - +1 pair of gloves
MR       .....                  (no boots)
Stlth    ++........             (no amulet)
HPRegen  0.05/turn              (no ring)
MPRegen  0.08/turn              (no ring)

@: no status effects
A: no striking features
a: no special abilities


You were on level 1 of the Dungeon.
You were not hungry.

You visited 1 branch of the dungeon, and saw 1 of its levels.

You collected 86 gold pieces.

Inventory:

Hand Weapons
 a - a +0 dagger (weapon)
Missiles
 b - 3 throwing nets (quivered)
 c - 54 stones
Armour
 d - a +0 leather armour
 l - a +1 pair of gloves (worn)
 o - a cursed +0 leather armour (worn)
Jewellery
 i - an uncursed amulet of harm {unknown}
Scrolls
 g - 2 scrolls of remove curse {unknown}
 h - 2 scrolls of immolation {unknown}
 k - a scroll of identify {unknown}
 n - a scroll of random uselessness {unknown}
Potions
 e - a potion of brilliance {unknown}
 j - a potion of curing {unknown}
Comestibles
 f - 4 rations
 m - a chunk of flesh


   Skills:
 * Level 1.2 Fighting
 - Level 3.0 Short Blades
 + Level 1.2 Dodging
 - Level 1.0 Stealth
 + Level 1.0 Spellcasting
   Level 1.0 Translocations
 * Level 1.0 Earth Magic
   Level 1.0 Evocations


You had one spell level left.
You knew the following spells:

 Your Spells              Type           Power        Failure   Level  Hunger
a - Sandblast             Erth           #.....       30%         1    ##.....

Your spell library contained the following spells:

 Spells                   Type           Power        Failure   Level  Hunger
 Stone Arrow              Conj/Erth      #.....       75%         3    ####...


Dungeon Overview and Level Annotations

Branches:
Dungeon (1/15)

Altars:


Message History

You see here a kobold corpse.
c - 54 stones (gained 1)
Found a stone staircase leading down.
A hobgoblin comes into view. It is wielding a +0 club.
Saving game... please wait.
Welcome back, HDogLeCool the Human Wanderer.
Press ? for a list of commands and other information.
The hobgoblin shouts!
You barely miss the hobgoblin. The hobgoblin hits you with a +0 club.
You barely miss the hobgoblin. The hobgoblin hits you with a +0 club.
You hit the hobgoblin but do no damage.
The hobgoblin hits you but does no damage.
You closely miss the hobgoblin.
The hobgoblin hits you but does no damage.
You hit the hobgoblin but do no damage. You hit the hobgoblin but do no damage.
The hobgoblin hits you with a +0 club.
You hit the hobgoblin but do no damage. The hobgoblin hits you with a +0 club.
* * * LOW HITPOINT WARNING * * *
You closely miss the hobgoblin. The hobgoblin hits you with a +0 club.
You die...

....⌠........##†#####.^......##
........⌠...###..# #.........#
..........### ##.# #..÷......#
......##### #.# #.........#
####### #.# #....##+#.# #.##
##...# # #####..##......
#...............
#...g@.....#.....
#..........#..)..#
#..........#.....#
#...........# #.........>.+
#...........# #...........#
#...........#


You could see a hobgoblin.

Vanquished Creatures
  A goblin (D:1)
  A frilled lizard (D:1)
  A kobold (D:1)
3 creatures vanquished.

Notes
Turn   | Place    | Note
-------+----------+-------------------------------------------
     0 | D:1      | HDogLeCool the Human Wanderer began the quest for the Orb.
     0 | D:1      | HDogLeCool set off with the following items: a +0 dagger, 3
                  | throwing nets, a +0 leather armour, a ration; and the
                  | following spell memorised: Sandblast; and the following
                  | spells available to memorise: Stone Arrow
     0 | D:1      | Reached XP level 1. HP: 15/15 MP: 2/2
   457 | D:1      | Upgraded the game from 0.24-a0-203-gf0bc1e9 to
                  | 0.24-a0-217-g1152973
   466 | D:1      | Slain by a hobgoblin

Levels and vault maps discovered:
D:1:      dpeg_arrival_water_temple_mockup, layout_basic

Action                   || total
-------------------------++-------
Melee: Dagger            ||    23
 Cast: Sandblast         ||     1
Armor: Leather armour    ||     6
Dodge: Dodged            ||     6

Table legend:
 A = Non-vault XP
 B = Vault XP
 C = Vault XP percentage of total XP
 D = Non-vault monster count
 E = Vault monster count
 F = Vault count percentage of total count
                 A         B        C        D         E       F
            +---------+---------+-------+---------+---------+-------
      Total |       4 |       0 |   0.0 |       3 |       0 |   0.0
            +---------+---------+-------+---------+---------+-------
        D:1 |       4 |       0 |   0.0 |       3 |       0 |   0.0
            +---------+---------+-------+---------+---------+-------
